 Dungeon Crawl Stone Soup version 0.17-a0-1464-g59a308b (webtiles) character file.

123 Kisielow the Conjurer (level 4, -1/24 HPs)
             Began as a Deep Elf Conjurer on July 1, 2015.
             Slain by Purgy (3 damage)
             ... in a sewer.
             The game lasted 00:08:35 (2614 turns).

Kisielow the Conjurer (Deep Elf Conjurer)           Turns: 2614, Time: 00:08:35

Health: -1/24      AC:  2    Str:  6    XL:     4   Next: 80%
Magic:  7/10       EV: 13    Int: 20    God:
Gold:   54         SH:  0    Dex: 15    Spells: 2 memorised, 6 levels left

rFire  . . .     SeeInvis .     l - +1 dagger (venom)
rCold  . . .     Clarity  .     a - +0 robe
rNeg   . . .     SustAt   .     (no shield)
rPois  .         Gourm    .     (no helmet)
rElec  .         Spirit   .     (no cloak)
rCorr  .         Warding  .     (no gloves)
rMut   .         Stasis   .     (no boots)
MR     +....                    (no amulet)
Stlth  +.........               (no ring)
                                n - ring of protection from magic

@: somewhat resistant to hostile enchantments, very unstealthy
A: no striking features
a: no special abilities


You were in a sewer.
You were hungry.

You visited 1 branch of the dungeon, and saw 4 of its levels.
You also visited: Sewer.

You collected 54 gold pieces.

Inventory:

Hand weapons
 l - a +1 dagger of venom (weapon)
Armour
 a - a +0 robe (worn)
Jewellery
 n - a ring of protection from magic (left hand)
Scrolls
 e - 2 scrolls of magic mapping
 g - a scroll of fog
 i - a scroll of remove curse
 k - 2 scrolls of teleportation
Potions
 h - a potion of heal wounds
 j - a potion of magic
 o - a potion of curing
 p - a potion of flight
Books
 b - a book of Conjurations

   Spells                             Type                      Level
   a - Magic Dart                     Conjuration                  1
   b - Searing Ray                    Conjuration                  2
   c - Dazzling Spray                 Conjuration/Hexes            3
   d - Fulminant Prism                Conjuration/Hexes            4
   e - Iskenderun's Mystic Blast      Conjuration                  4
   f - Iskenderun's Battlesphere      Conjuration/Charms           5
Comestibles
 c - 3 bread rations
 f - a beef jerky


   Skills:
 - Level 2.4 Dodging
 - Level 2.4 Stealth
 - Level 3.0 Spellcasting
 + Level 6.8 Conjurations


You had 6 spell levels left.
You knew the following spells:

 Your Spells              Type           Power        Failure   Level  Hunger
a - Magic Dart            Conj           ####         1%          1    None
s - Searing Ray           Conj           ####..       1%          2    ##.....


Dungeon Overview and Level Annotations

Branches:
Dungeon (4/15)
 Temple: D:4-7

Altars:
Xom

Annotations:
D:3 Sigmund Sewer Purgy


Message History

Purgy bites you. Purgy closely misses you. Purgy claws you but does no damage.
Purgy completely misses you. x2
Purgy claws you. Purgy completely misses you. Purgy closely misses you.
Purgy claws you.
Casting: Magic Dart
Confirm with . or Enter, or press ? or * to list all spells.
Aiming: Searing Ray
Press: ? - help, Shift-Dir - straight line, f/p - Purgy
Aim: Purgy The searing ray hits Purgy.
Purgy is lightly wounded.
Purgy bites you. Purgy claws you.
* * * LOW HITPOINT WARNING * * *
Purgy barely misses you.
The searing ray hits Purgy.
Purgy is moderately wounded.
Purgy bites you.
* * * LOW HITPOINT WARNING * * *
Purgy completely misses you. Purgy claws you.
You die...

##≈≈≈≈≈≈≈≈≈≈≈≈≈≈≈≈≈≈≈≈≈≈##
##≈≈≈≈≈≈≈≈≈≈≈≈≈≈≈≈≈≈≈≈≈≈≈≈≈
##≈≈≈≈≈≈≈≈≈≈≈≈≈≈≈≈≈≈≈≈≈≈≈≈≈≈
#≈≈≈≈≈≈≈≈≈≈≈≈≈≈≈≈.≈≈≈≈≈≈≈≈≈≈
##≈≈≈≈≈≈≈≈..≈≈≈≈≈#.≈≈≈≈≈≈≈≈≈≈
#≈#≈≈≈≈≈≈≈≈≈#..#≈#####≈.≈≈≈≈≈≈≈
≈≈≈≈≈≈≈≈≈≈≈#####≈# ###≈≈≈≈≈≈≈
≈≈≈≈≈≈≈≈≈≈≈# #T# ≈≈≈≈≈≈≈
≈≈≈≈≈≈≈≈≈.## #@# ≈≈≈≈≈≈≈
≈≈≈≈≈≈≈≈≈.# #≈# #T≈≈≈≈≈
#≈≈≈≈≈≈≈.## #.# ..≈≈≈≈
≈≈≈≈≈≈≈≈≈# ##≈## #.≈≈≈≈
≈≈≈≈≈≈≈.## #...# #≈≈≈≈
≈≈≈≈≈≈≈≈# #.∩.# ≈≈≈≈≈≈≈.# #...#
≈≈≈≈≈≈.## ##### ≈≈≈≈≈≈.##


You could see Purgy.

Vanquished Creatures
  A giant frog skeleton (D:4)
  3 adders
  An ooze (D:2)
  A worm (D:2)
  3 giant geckos
  5 bats
  3 giant cockroaches
  14 hobgoblins
  4 jackals (D:2)
  4 kobolds (D:1)
  A ball python (Sewer)
  8 giant newts
  5 goblins (D:2)
  6 rats
59 creatures vanquished.

Notes
Turn   | Place    | Note
--------------------------------------------------------------
     0 | D:1      | Kisielow the Deep Elf Conjurer began the quest for the Orb.
     0 | D:1      | Reached XP level 1. HP: 10/10 MP: 6/6
   329 | D:1      | Reached XP level 2. HP: 15/15 MP: 6/8
   393 | D:1      | Reached skill level 5 in Conjurations
   594 | D:1      | Learned a level 2 spell: Searing Ray
  1198 | D:2      | Reached XP level 3. HP: 19/19 MP: 4/9
  1595 | D:2      | Found a shimmering altar of Xom.
  2038 | D:2      | Reached skill level 6 in Conjurations
  2206 | D:3      | Noticed Sigmund
  2237 | D:2      | Reached XP level 4. HP: 24/24 MP: 6/10
  2439 | D:4      | Found a glowing drain.
  2448 | Sewer    | Entered a sewer
  2529 | Sewer    | Noticed Purgy
  2614 | Sewer    | Slain by Purgy

Vault maps used:
D:1:      lemuel_arrival_rhombus, minmay_misc_feat_doors
D:2:      overflow_temple_1_default
D:3:      nicolae_tso_carved_into_rock, first_bread,
          grunt_dithmenos_smoke_and_mirrors, uniq_sigmund
D:4:      lightli_sewer_entry_pipes
Sewer:    sewer_co_purgy_island

Action                   |  1- 3 |  4- 6 || total
-------------------------+-------+-------++-------
 Cast: Magic Dart        |    88 |    14 ||   102
       Searing Ray       |     2 |     3 ||     5
  Use: Scroll            |       |    10 ||    10
  Eat: Chunk             |     3 |       ||     3
       Pizza             |       |     1 ||     1
